 Dungeon Crawl Stone Soup version 0.21-a0-400-g417d9d2 (webtiles) character file.

406 Kavrick the Vexing (level 6, 11/29 HPs)
             Began as a Spriggan Arcane Marksman on Oct 20, 2017.
             Quit the game on level 4 of the Dungeon.
             The game lasted 00:26:50 (10891 turns).

Kavrick the Vexing (Spriggan Arcane Marksman)      Turns: 10891, Time: 00:26:51

Health: 11/29      AC:  2    Str:  6    XL:     6   Next: 56%
Magic:  7/12       EV: 18    Int: 14    God:
Gold:   154        SH:  0    Dex: 19    Spells: 7/11 levels left

rFire    . . .     SeeInvis +   a - +0 hunting sling
rCold    . . .     Gourm    .   (shield restricted)
rNeg     . . .     Faith    .   e - +0 robe
rPois    .         Spirit   .   (helmet restricted)
rElec    .         Reflect  .   (no cloak)
rCorr    .         Harm     .   (gloves unavailable)
MR       +....                  (boots unavailable)
Stlth    ++........             (no amulet)
HPRegen  0.09/turn              (no ring)
MPRegen  0.13/turn              (no ring)

@: very quick
A: unfitting armour, see invisible, herbivore 3, speed 3, slow metabolism 2
a: no special abilities


You were on level 4 of the Dungeon.
You were full.

You visited 1 branch of the dungeon, and saw 5 of its levels.

You collected 154 gold pieces.

Inventory:

Hand Weapons
 a - a +0 hunting sling (weapon)
 b - a +0 short sword
Missiles
 i - 56 stones (quivered)
Armour
 e - a +0 robe (worn)
Jewellery
 v - an uncursed ring of fire {unknown}
Wands
 x - a wand of confusion (9/48)
 y - a wand of lightning (8/15)
 z - a wand of enslavement (11/24)
Scrolls
 d - 2 scrolls of teleportation {unknown}
 h - 3 scrolls of remove curse {unknown}
 j - a scroll of amnesia {unknown}
 l - 3 scrolls of fog {unknown}
 m - a scroll of fear {unknown}
 n - 3 scrolls of enchant weapon {unknown}
 p - 2 scrolls of recharging {unknown}
 q - a scroll of magic mapping {unknown}
 w - 2 scrolls of identify {unknown}
Potions
 g - a potion of resistance {unknown}
 k - a potion of mutation {unknown}
 r - 3 potions of curing {unknown}
 s - a potion of haste {unknown}
 t - 2 potions of might {unknown}
Books
 c - a book of Debilitation

   Spells                             Type                      Level
   a - Corona                         Hexes                        1
   b - Slow                           Hexes                        2
   c - Inner Flame                    Hexes/Fire                   3
   d - Portal Projectile              Hexes/Translocation          3
   e - Cause Fear                     Hexes                        4
   f - Leda's Liquefaction            Hexes/Earth                  4
Comestibles
 f - 3 bread rations
 u - 2 royal jellies


   Skills:
 - Level 0.7 Fighting
 + Level 5.4 Slings
 - Level 3.0 Dodging
 + Level 3.4 Spellcasting
 * Level 6.2 Hexes
 + Level 2.6 Translocations


You had 7 spell levels left.
You knew the following spells:

 Your Spells              Type           Power        Failure   Level  Hunger
a - Corona                Hex            ###....      1%          1    #......
b - Portal Projectile     Hex/Tloc       ##....       10%         3    ###....


Dungeon Overview and Level Annotations

Branches:
Dungeon (5/15)
 Temple: D:4-7

Altars:
Ashenzari
Gozag
Kikubaaqudgha
Makhleb
Nemelex Xobeh

Annotations:
D:4 Pikel
D:5 Menkaure


Innate Abilities, Weirdness & Mutations

You are very small and have problems with some larger weapons.
You are too small for most types of armour.
You have supernaturally acute eyesight. (SInv)
You are a herbivore.
You cover ground extremely quickly.
You need consume almost no food.


Message History

Press: ? - help, Shift-Dir - straight line, f - slave
Aim: a slave, wearing an animal skin You magically shoot a stone.
The stone closely misses the slave.
You are no longer teleporting projectiles to their destination.
Firing (i - inventory):
i - 58 stones (quivered)
Press: ? - help, Shift-Dir - straight line, f/p - slave
Aim: a slave, wearing an animal skin You shoot a stone.
The stone hits the slave but does no damage.
There is an open door here.
You see here a stone.
Firing (i - inventory):
i - 57 stones (quivered)
Press: ? - help, Shift-Dir - straight line, f/p - slave
Aim: a slave, wearing an animal skin You shoot a stone.
The stone hits the slave but does no damage.
Firing (i - inventory):
i - 56 stones (quivered)
Press: ? - help, Shift-Dir - straight line, p - slave
Okay, then.
Are you sure you want to abandon this character and quit the game? (Confirm with "yes".)

..........######...........######
#########........###########...'.
#.......#........#.....((......#.
##.._..##........#........##..###
....p........Y...#.p(.....##..###
......(.p........'.....(..>.....#
...###P.........(########+##....#
..PP#.P...+###.............#....#
P............#..@..........#....#
.........(...#.............#....#
.............#.............######
....'........'..........).......#
....#..###...#.....(............#
....#.(#####+##...(########.....#
....#..(......+....#......#.....#
....#...(p....#.(..#......###'##.
....#####..##'#....#.#######...+.


You could see an ice beast.

Vanquished Creatures
  A slave (D:3)
  A scorpion (D:4)
  A crimson imp (D:3)
  A hound (D:4)
  An orc wizard (D:5)
  Ijyb (D:4)
  Robin (D:2)
  A worker ant zombie (D:5)
  6 adders
  2 oozes (D:2)
  An adder skeleton (D:3)
  4 worms
  4 dart slugs
  6 leopard geckos
  8 orcs
  4 giant cockroaches
  17 goblins
  9 hobgoblins
  11 jackals
  12 kobolds
  4 quokkas (D:3)
  3 ball pythons
  10 bats
  8 frilled lizards
  11 rats
128 creatures vanquished.

Notes
Turn   | Place    | Note
-------+----------+-------------------------------------------
     0 | D:1      | Kavrick the Spriggan Arcane Marksman began the quest for the Orb.
     0 | D:1      | Reached XP level 1. HP: 9/9 MP: 3/3
   130 | D:1      | Reached XP level 2. HP: 12/14 MP: 5/5
   148 | D:1      | Reached skill level 4 in Hexes
  1406 | D:1      | Reached XP level 3. HP: 16/17 MP: 7/7
  2707 | D:2      | Reached XP level 4. HP: 19/21 MP: 8/8
  3002 | D:2      | Reached skill level 5 in Hexes
  3093 | D:2      | Noticed Robin
  3102 | D:2      | Found a sparkling altar of Nemelex Xobeh.
  3120 | D:2      | HP: 1/21 [goblin/stone[Robin] (4)]
  3473 | D:2      | Killed Robin
  3782 | D:2      | Found a shattered altar of Ashenzari.
  4028 | D:2      | Learned a level 3 spell: Portal Projectile
  4909 | D:2      | Reached XP level 5. HP: 22/25 MP: 7/10
  5067 | D:3      | Found a burning altar of Makhleb.
  5878 | D:3      | Reached skill level 1 in Translocations
  7139 | D:4      | Found an ancient bone altar of Kikubaaqudgha.
  7348 | D:4      | Noticed Ijyb
  7419 | D:4      | Killed Ijyb
  7573 | D:4      | Found an opulent altar of Gozag.
  7665 | D:4      | Noticed a slave
  7665 | D:4      | Noticed a slave
  7666 | D:4      | Noticed Pikel
  7747 | D:4      | Noticed a slave
  7749 | D:4      | Noticed a slave
  8465 | D:4      | Reached skill level 5 in Slings
  8465 | D:4      | Reached XP level 6. HP: 12/29 MP: 11/11
  8647 | D:3      | Killed a slave
  9395 | D:5      | Entered Level 5 of the Dungeon
  9748 | D:5      | Noticed Menkaure
 10096 | D:5      | Noticed an ice beast
 10138 | D:4      | Reached skill level 6 in Hexes
 10891 | D:4      | Quit the game

Vault maps used:
D:1:      dpeg_arrival_radiant, kennysheep_crisscross
D:2:      ashenzari_altar_1, first_bread, minmay_misc_feat_room,
          nemelex_dance_club_becter, uniq_robin
D:3:      old_standard_altar
D:4:      lemuel_coloured_pillars_altar, kiku_gazebo_garden_becter, uniq_pikel,
          uniq_ijyb
D:5:      serial_glass, glass_columns_a, glass_columns_a, uniq_menkaure

Skill      XL: |  1  2  3  4  5  6 |
---------------+-------------------+-----
Hexes          | 4 5 6 |  6.2
Slings         | 3 4 5 |  5.4
Spellcasting   | 2 3 |  3.4
Translocations | 2 |  2.6
Fighting       | |  0.7
Dodging        | |  3.0

Action                   |  1- 3 |  4- 6 || total
-------------------------+-------+-------++-------
Melee: Short sword       |    60 |    55 ||   115
       Unarmed           |    17 |       ||    17
 Fire: Hunting sling     |   152 |   795 ||   947
 Cast: Corona            |       |    56 ||    56
       Portal Projectile |       |     9 ||     9
 Stab: Distracted        |     1 |       ||     1
  Eat: Bread ration      |       |     2 ||     2
Armor: Robe              |    13 |    33 ||    46
Dodge: Dodged            |   114 |   314 ||   428

Table legend:
 A = Spawn XP
 B = Non-spawn XP
 C = Spawn XP percentage of total XP
 D = Spawn monster count
 E = Non-spawn monster count
 F = Spawn count percentage of total count
 G = Total turns spent on level
                    A         B        C        D         E        F      G
               +---------+---------+-------+---------+---------+-------+---------
         Total |       0 |     580 |   0.0 |       0 |     127 |   0.0 | 10891
               +---------+---------+-------+---------+---------+-------+---------
           D:1 |       0 |      69 |   0.0 |       0 |      35 |   0.0 |  2509
           D:2 |       0 |     126 |   0.0 |       0 |      46 |   0.0 |  2831
           D:3 |       0 |     138 |   0.0 |       0 |      30 |   0.0 |  2233
           D:4 |       0 |     172 |   0.0 |       0 |       9 |   0.0 |  2874
           D:5 |       0 |      75 |   0.0 |       0 |       7 |   0.0 |   444
               +---------+---------+-------+---------+---------+-------+---------
